 Dungeon Crawl Stone Soup version 0.32-a0-612-g1c984fe9d1 (webtiles) character file.

Game seed: 2271163286047525908

2360714 ragingrage the Impregnable (level 27, 254/254 HPs)
             Began as an Armataur Shapeshifter on Mar 4, 2024.
             Was the Champion of Okawaru.
             Escaped with the Orb
             ... and 4 runes on Mar 5, 2024!
             The game lasted 02:15:39 (69087 turns).

ragingrage the Impregnable (Armataur Shapeshifter) Turns: 69087, Time: 02:15:39

Health: 254/254    AC: 44    Str: 37 (38) XL:     27
Magic:  30/30      EV: 11    Int: 16 (17) God:    Okawaru [******]
Gold:   4410       SH: 16    Dex: 12 (14) Spells: 16/30 levels left

rFire   + + +        a - +9 broad axe (drain)
rCold   . . .        M - +3 kite shield {AC+3}
rNeg    + . .        T - +7 fire dragon scales "Ysoylutz" {Harm rElec rPois rF++ rC-}
rPois   +            l - +0 hat of the Demon Prince {Str+2 Int+4}
rElec   +            G - +2 cloak
rCorr   .            U - +2 pair of gloves {Str+3}
SInv    +            c - +3 barding {rF+}
Will    ++...        o - amulet of regeneration
Stlth   +            Z - ring of the Messenger {rF+ rC+ rN+ Dex+4}
HPRegen 1.42/turn    Q - ring of see invisible
MPRegen 0.22/turn

%: harm (+30% outgoing, +20% incoming), clarity, roll
@: no status effects
A: large, deformed body, tough skin 3, armoured tail, roll 2, antennae 1, fangs
1, clarity, mutation resistance 1, strong 1
0: Orb of Zot
}: 4/15 runes: decaying, slimy, silver, gossamer
a: Renounce Religion, Heroism, Finesse, Duel


You escaped.
You worshipped Okawaru.
Okawaru was exalted by your worship.
You visited 11 branches of the dungeon, and saw 53 of its levels.
You also visited: Bailey, Ice Cave and Wizlab.

You collected 7345 gold pieces.
You spent 2935 gold pieces at shops.

Inventory:

Hand Weapons
 a - a +9 broad axe of draining (weapon)
 b - the +9 demon whip of Trauma {flame, rElec Will+ MP-9}
   (You took it off a hell knight on level 3 of the Depths)

   rElec:     It insulates you from electricity.
   Will+:     It increases your willpower.
   MP-9:      It affects your magic capacity (-9).
Missiles
 B - 4 throwing nets
 J - 25 boomerangs (quivered)
 N - 27 javelins
 S - 13 silver javelins
 Y - 12 datura-tipped darts
Armour
 c - a +3 barding of fire resistance (worn)
 l - the +0 hat of the Demon Prince (worn) {Str+2 Int+4}
   (You found it on level 15 of the Dungeon)

   Str+2:     It affects your strength (+2).
   Int+4:     It affects your intelligence (+4).
 v - the +9 scales of the Dragon King {rPois rF+ rC+ Will+}
   (You bought it in a shop on level 2 of the Orcish Mines)

   rF+:       It protects you from fire.
   rC+:       It protects you from cold.
   rPois:     It protects you from poison.
   Will+:     It increases your willpower.
 G - a +2 cloak (worn)
 M - a +3 kite shield of protection (worn)
 T - the +7 fire dragon scales "Ysoylutz" (worn) {Harm rElec rPois rF++ rC-}
   (You found it in a wizard's laboratory)

   rF++:      It greatly protects you from fire.
   rC-:       It makes you vulnerable to cold.
   rElec:     It insulates you from electricity.
   rPois:     It protects you from poison.
   Harm:      It increases damage dealt and taken.
 U - a +2 pair of gloves of strength (worn)
Jewellery
 e - the ring "Motz" {Ice Fly rPois Int-4 Slay+3}
   (You took it off an ironbound thunderhulk in a wizard's laboratory)

   [ring of ice]

   Ice:       It enhances your ice magic.
   Int-4:     It affects your intelligence (-4).
   Slay+3:    It affects your accuracy & damage with ranged weapons and melee
   (+3).
   rF-:       It makes you vulnerable to fire.
   rC+:       It protects you from cold.
   rPois:     It protects you from poison.
   Fly:       It grants you flight.
 o - an amulet of regeneration (around neck)
 P - a ring of resist corrosion
 Q - a ring of see invisible (right hand)
 Z - the ring of the Messenger (left hand) {rF+ rC+ rN+ Dex+4}
   (You found it on level 1 of the Depths)

   [ring of protection from cold]

   Dex+4:     It affects your dexterity (+4).
   rF+:       It protects you from fire.
   rC+:       It protects you from cold.
   rN+:       It protects you from negative energy.
Wands
 k - a wand of acid (21)
 w - a wand of warping (65)
 C - a wand of digging (20)
 V - a wand of mindburst (35)
Scrolls
 j - 5 scrolls of blinking
 s - 4 scrolls of fear
 x - 18 scrolls of teleportation
 y - 12 scrolls of poison
 z - 2 scrolls of noise
 A - 5 scrolls of torment
 H - 9 scrolls of fog
 L - 2 scrolls of silence
 O - 11 scrolls of revelation
 R - 9 scrolls of vulnerability
 X - 2 scrolls of immolation
Potions
 f - 11 potions of attraction
 g - 11 potions of curing
 h - 5 potions of resistance
 i - a potion of brilliance
 m - a potion of ambrosia
 n - 7 potions of mutation
 p - 10 potions of haste
 r - 4 potions of might
 t - 8 potions of lignification
 u - 5 potions of heal wounds
 D - 5 potions of magic
 E - a potion of berserk rage
 F - 4 potions of cancellation
 I - 10 potions of invisibility
 K - 4 potions of enlightenment
Miscellaneous
 d - a condenser vane
 q - a phial of floods
 W - a lightning rod (4/4)


   Skills:
 - Level 22.0 Fighting
 - Level 17.3(18.0) Axes
 - Level 8.5(14.7) Maces & Flails
 + Level 19.2 Throwing
 - Level 22.0 Armour
 - Level 14.5 Dodging
 - Level 12.0 Stealth
 - Level 16.0 Shields
 - Level 4.2 Unarmed Combat
 - Level 2.0 Spellcasting
 - Level 11.0 Necromancy
 - Level 1.9 Translocations
 - Level 10.0 Invocations
 - Level 8.0 Evocations
 - Level 2.6 Shapeshifting


You had 16 spell levels left.
You knew the following spells:

 Your Spells              Type           Power      Damage    Failure   Level
a - Fugue of the Fallen   Necr           36%        N/A       1%          3
b - Vhi's Electric Charg  Tloc/Air       8%         N/A       95%         4
c - Passwall              Erth           1%         N/A       75%         3
d - Manifold Assault      Tloc           7%         N/A       87%         4

Your spell library contained the following spells:

 Spells                   Type           Power      Damage    Failure   Level
 Necrotise                Necr           100%       1d9       1%          1
 Sublimation of Blood     Necr           36%        N/A       1%          2
 Vampiric Draining        Necr           36%        2d8       1%          3
 Dispel Undead            Necr           36%        3d15      4%          4
 Cigotuvi's Dreadful Rot  Necr/Alch/Air  26%        N/A       13%         2
 Blink                    Tloc           14%        N/A       26%         2
 Lesser Beckoning         Tloc           14%        N/A       26%         2
 Foxfire                  Conj/Fire      4%         2x1d4     36%         1
 Magic Dart               Conj           4%         1d3       36%         1
 Sandblast                Erth           2%         2d4       36%         1
 Shock                    Conj/Air       4%         1d3       36%         1
 Sting                    Conj/Alch      4%         1d3       36%         1
 Anguish                  Hex/Necr       9%         N/A       36%         4
 Gell's Gravitas          Tloc           7%         N/A       47%         3
 Teleport Other           Tloc           7%         N/A       47%         3
 Ensorcelled Hibernation  Hex/Ice        2%         N/A       50%         2
 Mercury Vapours          Alch/Air       2%         N/A       50%         2
 Scorch                   Fire           2%         2d5       50%         2
 Searing Ray              Conj           2%         2d4       50%         2
 Static Discharge         Conj/Air       2%         3-4/arc   50%         2
 Volatile Blastmotes      Fire/Tloc      8%         2d10      61%         3
 Borgnjor's Vile Clutch   Necr/Erth      9%         N/A       73%         5
 Dazzling Flash           Conj/Hex       2%         N/A       75%         3
 Hailstorm                Conj/Ice       1%         3d5       75%         3
 Inner Flame              Hex/Fire       1%         N/A       75%         3
 Ozocubu's Armour         Ice            1%         N/A       75%         3
 Stone Arrow              Conj/Erth      2%         3d7       75%         3
 Swiftness                Air            1%         N/A       75%         3
 Passage of Golubria      Tloc           7%         N/A       87%         4
 Dimensional Bullseye     Hex/Tloc       2%         N/A       95%         4
 Iskenderun's Mystic Bla  Conj/Tloc      4%         2d3       95%         4
 Airstrike                Air            0%         2d(1-17)  98%         4
 Brom's Barrelling Bould  Conj/Erth      1%         2d3       98%         4
 Fulminant Prism          Conj/Alch      0%         3d5       98%         4
 Ignite Poison            Fire/Alch      1%         N/A       98%         4
 Olgreb's Toxic Radiance  Alch           1%         N/A       98%         4
 Petrify                  Alch/Erth      1%         N/A       98%         4
 Sticky Flame             Fire/Alch      1%         2d4       98%         4
 Fireball                 Conj/Fire      0%         3d3       100%        5
 Freezing Cloud           Conj/Ice/Air   0%         6-21      100%        5
 Irradiate                Conj/Alch      0%         3d11      100%        5
 Silence                  Hex/Air        0%         N/A       100%        5
 Conjure Ball Lightning   Conj/Air       0%         3x3d6     100%        6
 Dispersal                Tloc           3%         N/A       100%        6
 Eringya's Noxious Bog    Alch           0%         4d6       100%        6
 Plasma Beam              Fire/Air       0%         2x1d10    100%        6
 Starburst                Conj/Fire      0%         6d3       100%        6
 Orb of Destruction       Conj           0%         9d5       100%        7
 Ozocubu's Refrigeration  Ice            0%         4d7       100%        7
 Borgnjor's Revivificati  Necr           18%        N/A       100%        8
 Discord                  Hex            0%         N/A       100%        8
 Disjunction              Tloc           3%         N/A       100%        8
 Ignition                 Fire           0%         3d3       100%        8
 Lehudib's Crystal Spear  Conj/Erth      0%         10d2      100%        8
 Maxwell's Capacitive Co  Air            0%         ∞         100%        8
 Death's Door             Necr           18%        N/A       100%        9
 Polar Vortex             Ice            0%         N/A       100%        9
 Animate Dead             Necr           Unusable   N/A       N/A         4
 Martyr's Knell           Necr/Summ      Unusable   N/A       N/A         4
 Call Imp                 Summ           Unusable   N/A       N/A         2
 Death Channel            Necr           Unusable   N/A       N/A         6
 Summon Ice Beast         Ice/Summ       Unusable   N/A       N/A         3
 Tukima's Dance           Hex            Unusable   N/A       N/A         3
 Summon Blazeheart Golem  Fire/Summ      Unusable   N/A       N/A         4
 Summon Lightning Spire   Summ/Air       Unusable   N/A       N/A         4
 Sculpt Simulacrum        Ice/Alch       Unusable   N/A       N/A         6
 Haunt                    Necr/Summ      Unusable   N/A       N/A         7
 Spellforged Servitor     Conj/Summ      Unusable   N/A       N/A         7

Dungeon Overview and Level Annotations

Branches:
Dungeon (15/15)            Temple (1/1) D:7            Lair (5/5) D:9
  Swamp (4/4) Lair:2       Spider (4/4) Lair:3        Slime (5/5) Lair:5
    Orc (2/2) D:9             Elf (3/3) Orc:2        Vaults (5/5) D:14
  Crypt (0/3) Vaults:2     Depths (4/4) D:15            Zot (5/5) Depths:4
 Bailey (visited)           IceCv (visited)          WizLab (visited)

Altars:
Ashenzari
Cheibriados
Dithmenos
Elyvilon
Fedhas
Gozag
Hepliaklqana
Kikubaaqudgha
Makhleb
Nemelex Xobeh
Okawaru
Qazlal
Ru
Sif Muna
Trog
Uskayaw
Vehumet
Wu Jian
Xom
Yredelemnul
Zin
The Shining One
Beogh
Jiyva

Shops:
D:2 *   D:6 :   D:8 (   D:9 (:   D:13 [   Orc:2 =[*[   Elf:3 ?   Vaults:1 :
Vaults:4 =   Vaults:5 ?!=?   Depths:2 =

Portals:
Hell: Depths:1 Depths:2 Depths:3 Depths:4
Abyss: Depths:3
Pandemonium: Depths:1 Depths:2
Ziggurat: Depths:2
Trove: D:13 (give 5 scrolls of blinking)

Annotations:
D:7 1 runed translucent door, Crazy Yiuf
D:15 2 transporters
Spider:2 Roxanne
Elf:1 exclusions: ice statue and orange crystal statue
Elf:2 1 transporter
Vaults:4 exclusion: downstairs
Depths:3 exclusion: downstairs
Zot:1 exclusion: downstairs


Innate Abilities, Weirdness & Mutations

Armour fits poorly on your strangely shaped body.
You have extremely tough skin. (AC +3)
You have a long armoured tail.
You regenerate magic and health when rolling toward enemies. (Rampage Regen)
You have a pair of small antennae on your head.
You have very sharp teeth.
You possess an exceptional clarity of mind.
You are somewhat resistant to further mutation.
Your muscles are strong. (Str +4, Int/Dex -1)


Message History

You climb upwards.
Level annotation: 1 runed translucent door, Crazy Yiuf
There is a stone staircase leading down here.
There is a stone staircase leading up, spattered with blood here.
You climb upwards.
There is a stone staircase leading down here.
An Ewibutaz, an orange demon and a lich come into view.
Blink to where?
Press: ? - help, Dir - move target
As you read the scroll of blinking, it crumbles to dust.
Ewibutaz moves out of view.
The orange demon moves out of view.
The lich moves out of view.
You feel yourself speed up.
There is a stone staircase leading up here.
You climb upwards.
There is a stone staircase leading down here.
(D) Dungeon (T) Temple (L) Lair (S) Swamp (N) Spider Nest (M) Slime Pits (O) Orcish Mines (E) Elven Halls (V) Vaults (C) Crypt (U) Depths (H) Hell (Z) Zot
Where to? (Tab/Enter - D:1 @ (x,y), ? - help)
What level of the Dungeon? (default 1, ? - help)
There is a stone staircase leading up here.
You climb upwards.
There is a stone staircase leading down here.
There is a stone staircase leading up here.
You climb upwards.
There is a stone staircase leading down here.
There is a stone staircase leading up here.
You climb upwards.
There is a stone staircase leading down here.
Your extra speed is starting to run out.
There is a stone staircase leading up here.
You climb upwards.
There is a stone staircase leading down here.
You feel yourself slow down.
There is an open door here.
There is a staircase leading out of the dungeon here.
Okay, then.
You have escaped!

......# ##.## ##########
#####.###...## #........#
#####.##.....# #.######.#
##(.)........####.#### #.#
##.##.##.....#.....[.# #.#
##†##.###...##.##.##.###.#
##.##.##.......##........#
......###...########.#####
##.#### ##.## #@###.#### #.#
#.# #.#{.....### #.# #.#
#.###.##...## #.# ##'##
##.###.#..#..# ##.###
##...###>..'....###.#
.....###.....#########..#..#
......#.......##.###.##...##
..##...........#.........##
...............'.........#


There were no monsters in sight!

Vanquished Creatures
  the Royal Jelly (Slime:5)
  3 dread liches
  3 orbs of fire
  An ancient lich (Zot:5)
  A juggernaut (Depths:4)
  Parghit (Depths:4)
  Sojobo (D:15)
  7 Killer Klowns (Zot:5)
  2 curse toes
  4 caustic shrikes (Depths:3)
  10 golden dragons
  the Enchantress (Depths:1)
  Arachne (Spider:1)
  A bone dragon (Vaults:2)
  Nikola (Elf:3)
  Norris (Elf:1)
  4 electric golems
  29 tentacled monstrosities
  Mlioglotl (Spider:2)
  Rupert (D:12)
  7 liches
  The ghost of gimp the Severer, an adept CoBe of Trog (Vaults:1)
  Asterion (Spider:3)
  23 Orb Guardians
  3 deep elf blademasters
  4 quicksilver dragons
  A deep elf master archer (Elf:3)
  9 titans
  19 acid blobs
  13 death cobs
  The ghost of Krumphau the Champion of Chaos, an adept DsMo of Makhleb (Spider:4)
  22 storm dragons
  6 sphinxes
  2 thorn hunters
  10 tengu reavers
  Frances (Swamp:1)
  Donald (Swamp:1)
  6 azure jellies
  Aizul (Spider:2)
  11 rockslimes
  4 draconian knights
  2 protean progenitors
  12 fire giants
  8 shadow dragons
  6 draconian monks
  8 deep elf sorcerers
  7 frost giants
  The ghost of Hiweh the Destroyer, a journeyman DgCj (D:15)
  8 draconian scorchers
  Louise (Spider:1)
  An iron dragon (Depths:4)
  14 vault wardens
  8 ghost moths
  The ghost of Umuuc the Bludgeoner, a journeyman DsGl of Hepliaklqana (D:15)
  4 orc warlords
  13 draconian shifters
  A reaper (Depths:3)
  4 deep elf elementalists (Elf:3)
  3 balrugs
  5 emperor scorpions
  3 draconian stormcallers
  3 spriggan defenders (Depths:1)
  2 cacodemons
  A broodmother (Spider:4)
  18 very ugly things
  15 quicksilver oozes
  8 draconian annihilators
  25 ironbound preservers
  4 formless jellyfish
  12 ironbound thunderhulks
  A juggernaut skeleton (Depths:1)
  16 stone giants
  10 green draconians
  4 vampire knights
  2 lorocyprocas
  6 deep elf demonologists
  3 eleionomae
  4 deep elf death magi
  14 black draconians
  Nessos (D:13)
  9 war gargoyles
  5 bunyips
  16 purple draconians
  10 red draconians
  11 white draconians
  2 dire elephants
  13 yellow draconians
  9 deep elf annihilators
  7 spark wasps
  4 crystal guardians
  9 ettins
  A shambling mangrove (Swamp:4)
  21 yaktaur captains
  12 deep elf high priests
  6 entropy weavers
  Josephine (D:12)
  13 fire dragons
  A spriggan zombie (Depths:2)
  13 great orbs of eyes
  3 rakshasas
  31 vault guards
  4 ice dragons
  3 juggernaut simulacra
  A spriggan skeleton (Depths:2)
  23 hydras
  Erolcha (D:13)
  3 ogre magi
  11 peacekeepers
  2 ghost crabs (Swamp:3)
  2 jorogumos
  6 ironbound frosthearts
  4 salamander tyrants
  6 spriggan air magi
  2 hell beasts
  2 radroaches
  10 centaur warriors
  12 tengu warriors
  6 boulder beetles
  40 dancing weapons
  10 deep troll shamans
  8 alligators
  A catoblepas (Lair:2)
  12 two-headed ogres
  2 hell hogs (Depths:3)
  A vampire mage (Depths:4)
  3 deep troll earth magi (Depths:1)
  A titan zombie (Depths:2)
  2 orc high priests
  6 demonic crawlers
  5 spriggan berserkers
  15 deep elf knights
  Sonja (D:11)
  Nergalle (D:11)
  4 sun demons
  15 hell knights
  4 soul eaters
  4 pharaoh ants
  A skeletal warrior (D:14)
  8 iron trolls
  A salamander mystic (D:13)
  A death drake (Swamp:4)
  Lodul (D:11)
  5 arcanists
  6 skysharks
  8 glowing orange brains
  3 goliath frogs
  A sixfirhy (Depths:1)
  2 glowing orange brains (shapeshifter) (Vaults:5)
  A flayed ghost (Depths:3)
  A mana viper (shapeshifter) (Vaults:5)
  A shining eye (shapeshifter) (Vaults:5)
  17 deep elf archers
  83 deep trolls
  15 swamp dragons
  15 orb spiders
  5 spriggan druids
  17 lindwurms
  6 bog bodies
  9 thermic dynamos
  A sun moth (Spider:2)
  2 golden dragon skeletons (Depths:2)
  7 steelbarb worms
  A phantasmal warrior (Vaults:5)
  34 orc knights
  33 deep elf zephyrmancers
  2 harpies (shapeshifter)
  23 deep elf pyromancers
  8 harpies
  4 necromancers
  18 wolf spiders
  19 ironbound convokers
  7 salamanders
  7 orc sorcerers
  A stone giant zombie (Depths:1)
  2 lightning spires (WizLab)
  25 ugly things
  26 moths of wrath
  5 cyclopes
  7 shining eyes
  Maurice (D:7)
  2 will-o-the-wisps
  9 manticores (Elf:2)
  A frost giant skeleton (Depths:2)
  22 vault sentinels
  A meliai (shapeshifter) (Vaults:1)
  4 elephants (Lair:5)
  6 black mambas
  3 meliai (D:15)
  A black mamba (shapeshifter) (Vaults:1)
  A guardian serpent (shapeshifter) (Vaults:1)
  A torpor snail (shapeshifter) (Depths:2)
  3 ice statues (IceCv)
  12 cane toads
  6 torpor snails
  2 eyes of devastation
  A cane toad (shapeshifter) (Vaults:1)
  2 smoke demons (Depths:3)
  3 molten gargoyles (WizLab)
  6 rime drakes
  3 centaur skeletons (D:14)
  Maggie (D:10)
  4 gargoyles
  A yaktaur (shapeshifter) (Vaults:5)
  2 tormentors
  A kobold demonologist (D:10)
  A freezing wraith (IceCv)
  29 yaktaurs
  8 komodo dragons
  10 trolls
  3 tengu conjurers (D:14)
  13 tyrant leeches
  2 polar bears (shapeshifter)
  2 polar bears
  Prince Ribbit (D:8)
  21 tarantellas
  26 hornets
  14 blink frogs
  6 glass eyes
  11 saltlings (Orc:2)
  A harpy skeleton (D:14)
  6 dream sheep (Lair:5)
  A raiju (shapeshifter) (Vaults:1)
  122 slime creatures
  3 air elementals
  45 jumping spiders
  A vampire (D:12)
  17 spriggans
  19 culicivoras
  6 wraiths
  A spriggan (shapeshifter) (Vaults:1)
  A shadow (D:12)
  39 yaks
  6 water elementals
  6 wyverns
  A ynoxinul (Depths:1)
  7 fire elementals
  2 death yak simulacra (IceCv)
  5 golden eyes (Slime:2)
  A golden eye (shapeshifter) (Vaults:1)
  5 wargs
  Grum (D:8)
  5 basilisks
  A redback (shapeshifter) (Vaults:5)
  12 vampire mosquitoes
  5 steam dragons
  58 redbacks
  Menkaure (D:7)
  23 swamp worms
  2 harpy simulacra (IceCv)
  4 acid dragons
  3 hell hounds (Elf:2)
  18 water moccasins
  Duvessa (D:6)
  2 glowing shapeshifter skeletons
  12 swamp drakes
  3 black bears
  33 orc warriors
  3 sky beasts
  An ice beast (D:6)
  2 laughing skulls (D:15)
  28 wolves
  12 centaurs
  A boggart (D:14)
  18 ogres
  A phantom (D:5)
  21 bullfrogs
  6 kobold brigands
  A brain worm (shapeshifter) (Elf:1)
  6 scorpions
  2 cane toad simulacra (IceCv)
  2 gnoll sergeants
  11 earth elementals
  6 wights
  Dowan (D:6)
  10 killer bees
  A howler monkey (D:13)
  6 electric eels
  A bombardier beetle (D:6)
  3 hounds
  A jelly (D:6)
  13 orc priests
  A gnoll bouda (D:5)
  10 iguanas
  20 orc wizards
  2 polar bear simulacra (IceCv)
  23 gnolls
  12 adders
  2 white imps
  4 ufetubi
  A dart slug (D:2)
  A ribbon worm (D:4)
  62 orcs
  4 bats
  9 endoplasms
  2 giant cockroaches
  20 goblins
  10 hobgoblins
  12 jackals
  21 kobolds
  5 quokkas
  8 ball pythons
  2 frilled lizards
  9 rats
  A spectral weapon (Spider:3)
2471 creatures vanquished.

Vanquished Creatures (others)
  An Orb Guardian (Zot:5)
  A draconian scorcher (Zot:5)
  A hell beast (Depths:4)
  An ogre mage (Vaults:5)
  An ugly thing (IceCv)
  A freezing wraith (Vaults:5)
  2 bloated husks (Swamp:2)
  A spriggan (Swamp:3)
  An ogre (D:15)
  A gnoll (D:9)
  10 foxfires
21 creatures vanquished.

Grand Total: 2492 creatures vanquished

Notes
Turn   | Place    | Note
-------+----------+-------------------------------------------
     0 | D:1      | ragingrage the Armataur Shapeshifter began the quest for
                  | the Orb.
     0 | D:1      | Reached XP level 1. HP: 15/15 MP: 1/1
   241 | D:1      | Reached XP level 2. HP: 22/22 MP: 2/2
   817 | D:1      | Reached XP level 3. HP: 27/27 MP: 3/3
  1000 | D:2      | Found a faded altar of an unknown god.
  1054 | D:2      | Found Kuotaf's Assorted Antiques.
  1098 | D:2      | Bought a golden potion for 21 gold pieces
  1197 | D:2      | Identified the +5 hand axe of the Desert {flame, rPois rN+
                  | Stlth-}
  1304 | D:2      | Reached skill level 1 in Axes
  1304 | D:2      | Reached XP level 4. HP: 33/34 MP: 4/4
  1788 | D:3      | Reached XP level 5. HP: 39/39 MP: 5/5
  1832 | D:3      | Found an ancient bone altar of Kikubaaqudgha.
  1838 | D:3      | Found a radiant altar of Vehumet.
  1849 | D:3      | Found a shimmering blue altar of Sif Muna.
  1854 | D:3      | Got Kikubaaqudgha's Elucidation of Zombies
  2088 | D:4      | Noticed an ogre
  2093 | D:4      | Killed an ogre
  2499 | D:4      | Found a stormy altar of Qazlal.
  2520 | D:4      | Found a broken altar of Ashenzari.
  2531 | D:4      | Noticed a black bear
  2538 | D:4      | Killed a black bear
  2539 | D:4      | Reached XP level 6. HP: 39/46 MP: 6/6
  2748 | D:4      | You fall into a shaft and drop 1 floor!
  2748 | D:5      | Entered Level 5 of the Dungeon
  2842 | D:2      | Bought a scroll labelled NYRCHE VOHUEG for 24 gold pieces
  3214 | D:5      | Reached skill level 5 in Axes
  3296 | D:5      | Gained mutation: You regenerate magic and health when
                  | rolling toward enemies. (Rampage Regen) [Armataur growth]
  3296 | D:5      | Reached XP level 7. HP: 51/51 MP: 7/7
  3619 | D:6      | Noticed Duvessa
  3621 | D:6      | Noticed Dowan
  3624 | D:6      | Killed Duvessa
  3627 | D:6      | Killed Dowan
  3662 | D:6      | Reached XP level 8. HP: 58/58 MP: 8/8
  3965 | D:6      | Found a bloodstained altar of Trog.
  3965 | D:6      | Found a white marble altar of Elyvilon.
  3966 | D:6      | Found a hazy altar of Hepliaklqana.
  4119 | D:6      | Found Goqidwuh's Self-Published Books.
  4386 | D:7      | Noticed Maurice
  4534 | D:7      | Reached XP level 9. HP: 60/63 MP: 9/9
  4592 | D:7      | Found a glowing golden altar of the Shining One.
  4650 | D:7      | Found a staircase to the Ecumenical Temple.
  4660 | Temple   | Entered the Ecumenical Temple
  4679 | Temple   | Became a worshipper of Warmaster Okawaru
  4767 | D:7      | Maurice stole a beast talisman
  4771 | D:7      | Maurice stole a +0 arbalest of freezing
  4772 | D:7      | Maurice stole 242 gold
  4778 | D:7      | Killed Maurice
  4779 | D:7      | Reached skill level 10 in Axes
  4779 | D:7      | Reached skill level 1 in Fighting
  4847 | D:7      | Noticed Menkaure
  4864 | D:7      | Killed Menkaure
  4864 | D:7      | Reached * piety under Okawaru
  5097 | D:7      | Found a runed translucent door.
  5098 | D:7      | Noticed Crazy Yiuf
  5132 | D:8      | Reached skill level 1 in Armour
  5201 | D:8      | Found a hide-covered altar of Uskayaw.
  5257 | D:8      | Noticed Grum
  5273 | D:8      | Killed Grum
  5294 | D:8      | Found Leyg's Antique Weapon Boutique.
  5314 | D:8      | Bought a brightly glowing flail for 297 gold pieces
  5314 | D:8      | Identified the +9 flail of Qaush {flame, Str+5 Int+2 Dex-2}
                  | (You bought it in a shop on level 8 of the Dungeon)
  5329 | D:8      | Found a flagged portal.
  5335 | Bailey   | Entered a bailey
  5361 | Bailey   | Noticed an orc knight
  5371 | Bailey   | Killed an orc knight
  5371 | Bailey   | Reached ** piety under Okawaru
  5387 | Bailey   | Noticed an orc knight
  5397 | Bailey   | Killed an orc knight
  5397 | Bailey   | Reached *** piety under Okawaru
  5398 | Bailey   | Reached XP level 10. HP: 39/78 MP: 10/10
  5542 | Bailey   | Noticed an orc warlord
  5805 | Bailey   | Reached XP level 11. HP: 85/85 MP: 11/11
  5832 | Bailey   | Identified the +10 dire flail "Otecwo" {freeze, Str+2
                  | Int+4}
  5832 | Bailey   | Identified the amulet "Tuaher" {Faith rN+ Regen+ Str+6
                  | Int+2}
  6019 | D:8      | Noticed Prince Ribbit
  6031 | D:8      | Killed Prince Ribbit
  6345 | D:9      | Noticed a two-headed ogre
  6396 | D:9      | Found Surphar's Book Shop.
  6444 | D:9      | Reached **** piety under Okawaru
  6578 | D:9      | Noticed a two-headed ogre
  6582 | D:9      | Killed a two-headed ogre
  6583 | D:9      | Reached skill level 5 in Fighting
  6608 | D:9      | Found a staircase to the Orcish Mines.
  6814 | D:9      | Killed a two-headed ogre
  6814 | D:9      | Reached ***** piety under Okawaru
  6862 | D:9      | Found Voneh's Weapon Shoppe.
  6975 | D:9      | Found a staircase to the Lair.
  7332 | D:9      | Received a gift from Okawaru
  7333 | D:9      | Reached skill level 1 in Maces & Flails
  7532 | D:10     | Entered Level 10 of the Dungeon
  7700 | D:10     | Identified the +11 quarterstaff of the Lesser Evil {speed,
                  | ^Fragile Str+6 Dex-4}
  7844 | D:10     | Reached skill level 10 in Armour
  7914 | D:10     | Reached XP level 12. HP: 94/94 MP: 12/12
  7968 | D:10     | Received a gift from Okawaru
  8397 | D:11     | Noticed a boulder beetle
  8402 | D:11     | Noticed a two-headed ogre
  8412 | D:11     | Killed a two-headed ogre
  8415 | D:11     | Killed a boulder beetle
  8450 | D:11     | Noticed Lodul
  8457 | D:11     | Noticed Sonja
  8468 | D:11     | Killed Sonja
  8530 | Lair:1   | Entered Level 1 of the Lair of Beasts
  8573 | Lair:1   | Identified the +10 falchion of Courage {venom, rC+ Dex-4
                  | SInv}
  8608 | Lair:1   | Got the Papyrus of the Boiling Point
  9228 | Lair:1   | Received a gift from Okawaru
  9337 | Lair:2   | Noticed an eight-headed hydra
  9348 | Lair:2   | Killed a three-headed hydra
  9398 | Lair:2   | Identified the ring "Cabuff" {Fly Stlth+}
  9414 | Lair:2   | Reached skill level 5 in Maces & Flails
  9778 | Lair:2   | Reached XP level 13. HP: 65/105 MP: 13/13
 10176 | Lair:2   | Found a staircase to the Swamp.
 10191 | Lair:2   | Received a gift from Okawaru
 10224 | Lair:2   | Reached skill level 1 in Throwing
 10474 | Lair:2   | Reached ****** piety under Okawaru
 10475 | Lair:2   | Acquired a +1 broad axe of electrocution
 10475 | Lair:2   | Received a gift from Okawaru
 10485 | Lair:2   | Acquired a +1 crystal plate armour
 10485 | Lair:2   | Received a gift from Okawaru
 10507 | Lair:2   | Found the +8 whip "Snakebite" {venom, curare, rPois}
 10978 | Lair:3   | Found a hole to the Spider Nest.
 11581 | Lair:4   | Received a gift from Okawaru
 12285 | Lair:5   | Entered Level 5 of the Lair of Beasts
 12296 | Lair:5   | Reached skill level 5 in Throwing
 12598 | Lair:5   | Found a staircase to the Slime Pits.
 12598 | Lair:5   | Found a viscous altar of Jiyva.
 12691 | Lair:5   | Received a gift from Okawaru
 12723 | Lair:5   | Reached skill level 15 in Axes
 13074 | Lair:5   | Noticed a fire dragon
 13096 | Lair:5   | Killed a fire dragon
 13302 | Lair:5   | Reached XP level 14. HP: 113/113 MP: 14/14
 13569 | Orc:1    | Entered Level 1 of the Orcish Mines
 13868 | Orc:1    | You are sucked into a shaft and drop 1 floor!
 13868 | Orc:2    | Entered Level 2 of the Orcish Mines
 13976 | Orc:2    | Found a frozen archway.
 14009 | IceCv    | Entered an ice cave
 14153 | IceCv    | Received a gift from Okawaru
 14582 | Orc:2    | Found a staircase to the Elven Halls.
 15051 | Orc:2    | Received a gift from Okawaru
 15071 | Orc:2    | Found Sony's Jewellery Boutique.
 15261 | Orc:2    | Found Puaruwk's Armour Boutique.
 15262 | Orc:2    | Found a roughly hewn altar of Beogh.
 15272 | Orc:2    | Bought the +9 scales of the Dragon King {rPois rF+ rC+
                  | Will+} for 1372 gold pieces
 15272 | Orc:2    | Found the +9 scales of the Dragon King {rPois rF+ rC+
                  | Will+}
 15298 | Orc:2    | Found Nuzif's Armour Shoppe.
 15332 | Orc:2    | Found Tous's General Store.
 15390 | Orc:2    | Bought a scroll of enchant weapon for 90 gold pieces
 15814 | D:11     | Noticed Nergalle
 15855 | D:11     | Killed Nergalle
 15889 | D:11     | Found a transporter.
 15921 | D:11     | Found a transporter.
 15998 | D:11     | Killed Lodul
 16295 | D:11     | Found a transporter.
 16317 | D:11     | Found a transporter.
 16788 | D:12     | Noticed Josephine
 16795 | D:12     | Received a gift from Okawaru
 16803 | D:12     | Killed Josephine
 16875 | D:12     | Noticed Rupert
 16884 | D:12     | Killed Rupert
 17013 | D:13     | Noticed Erolcha
 17019 | D:13     | Killed Erolcha
 17084 | D:13     | Reached XP level 15. HP: 118/118 MP: 15/15
 17134 | D:13     | Received a gift from Okawaru
 17139 | D:13     | Reached skill level 1 in Invocations
 17179 | D:13     | Found a portal to a secret trove of treasure.
 17460 | D:13     | Found Ytoa's Armour Shop.
 17838 | D:13     | Reached skill level 1 in Shields
 17843 | D:13     | Noticed Nessos
 17858 | D:13     | Killed Nessos
 17902 | D:13     | Found the +3 salamander hide armour {Flames, rFlCloud rF++
                  | rC--}
 17988 | D:14     | Received a gift from Okawaru
 18584 | D:14     | Found a gate to the Vaults.
 19185 | Swamp:1  | Entered Level 1 of the Swamp
 19195 | Swamp:1  | Received a gift from Okawaru
 19208 | Swamp:1  | Noticed Frances
 19242 | Swamp:1  | Killed Frances
 19474 | Swamp:1  | Noticed Donald
 19486 | Swamp:1  | Killed Donald
 19905 | Swamp:1  | Reached skill level 5 in Invocations
 19937 | Swamp:1  | Reached skill level 5 in Shields
 20614 | Swamp:2  | Received a gift from Okawaru
 20860 | Swamp:3  | Reached XP level 16. HP: 132/132 MP: 20/20
 21334 | Swamp:3  | Reached skill level 10 in Fighting
 21387 | Swamp:3  | Noticed a thorn hunter
 21397 | Swamp:3  | Killed a thorn hunter
 21397 | Swamp:3  | Received a gift from Okawaru
 21398 | Swamp:3  | Reached skill level 1 in Evocations
 21911 | Swamp:4  | Entered Level 4 of the Swamp
 22079 | Swamp:4  | Identified the +6 whip "Bocomufyich" {elec, Int+3 Dex+3}
 22221 | Swamp:4  | Received a gift from Okawaru
 22438 | Swamp:4  | Noticed a thorn hunter
 22461 | Swamp:4  | Killed a thorn hunter
 22464 | Swamp:4  | Reached skill level 15 in Armour
 22634 | Swamp:4  | Got a decaying rune of Zot
 22859 | Spider:1 | Entered Level 1 of the Spider Nest
 22942 | Spider:1 | Received a gift from Okawaru
 23184 | Spider:1 | Reached XP level 17. HP: 144/144 MP: 23/23
 23247 | Spider:1 | Paralysed by a jorogumo for 1 turns
 23374 | Spider:2 | Identified the serpent talisman of Wiacwefaesk {rN+ Will+
                  | rCorr}
 23374 | Spider:2 | Noticed Aizul
 23383 | Spider:2 | Killed Aizul
 23601 | Spider:2 | Received a gift from Okawaru
 23626 | Spider:2 | Noticed Roxanne
 23637 | Spider:2 | Noticed Arachne
 23668 | Spider:1 | Killed Arachne
 23741 | Spider:2 | Noticed Mlioglotl
 23757 | Spider:2 | Killed Mlioglotl
 24029 | Spider:2 | Received a gift from Okawaru
 24201 | Spider:1 | Noticed Louise
 24215 | Spider:1 | Killed Louise
 25155 | Spider:2 | Got the Essays on Horrid Toxicity
 26047 | Spider:3 | Noticed Asterion
 26058 | Spider:3 | Killed Asterion
 26059 | Spider:3 | Reached skill level 10 in Invocations
 26186 | Spider:3 | Received a gift from Okawaru
 27625 | Spider:4 | Entered Level 4 of the Spider Nest
 28161 | Spider:4 | Received a gift from Okawaru
 28312 | Spider:4 | Found a runed translucent door.
 28313 | Spider:4 | Found a shimmering altar of Xom.
 28313 | Spider:4 | Noticed Krumphau's ghost (adept DsMo)
 28313 | Spider:4 | Identified the +3 rapier of Otoutty {chaos, ^Drain rPois
                  | rF++ Str+2}
 28559 | Spider:4 | Reached XP level 18. HP: 135/154 MP: 25/25
 28639 | Spider:4 | Reached skill level 10 in Throwing
 29213 | Vaults:1 | Entered Level 1 of the Vaults
 29342 | Vaults:1 | Received a gift from Okawaru
 29822 | Vaults:1 | Reached skill level 10 in Shields
 29940 | Vaults:1 | Noticed a tentacled monstrosity
 29945 | Vaults:1 | Received a gift from Okawaru
 29955 | Vaults:1 | Killed a tentacled monstrosity
 30211 | Vaults:1 | Found Geew's Book Boutique.
 30211 | Vaults:1 | Noticed a walking crystal tome
 30212 | Vaults:1 | Noticed a walking crystal tome
 30262 | Vaults:1 | Paralysed by a formless jellyfish for 1 turns
 30504 | Vaults:1 | Found a runed translucent gate.
 30504 | Vaults:1 | Noticed a tentacled monstrosity
 30505 | Vaults:1 | Found a runed translucent gate.
 30505 | Vaults:1 | Found a runed translucent gate.
 30505 | Vaults:1 | Noticed a tentacled monstrosity
 30928 | Vaults:2 | Noticed a bone dragon
 30930 | Vaults:2 | Found a staircase to the Crypt.
 30944 | Vaults:2 | Killed a bone dragon
 31028 | Vaults:2 | Received a gift from Okawaru
 31237 | Vaults:2 | Received a gift from Okawaru
 31273 | Vaults:2 | Reached XP level 19. HP: 156/160 MP: 26/26
 31356 | Vaults:2 | Found a magical portal.
 31365 | WizLab   | Entered Maxwell's Workshop
 31633 | WizLab   | Noticed an electric golem
 31642 | WizLab   | Identified the ring "Motz" {Ice Fly rPois Int-4 Slay+3}
 31692 | Arena    | Entered the Arena
 32004 | WizLab   | Received a gift from Okawaru
 33138 | WizLab   | HP: 7/160 [electric golem (17)]
 33146 | WizLab   | Killed an electric golem
 33443 | WizLab   | Identified the +0 plate armour "Diadgh" {rC++}
 33467 | WizLab   | Identified the +0 ring mail "Isiti" {rPois rF++ rC- Stlth+}
 33470 | WizLab   | Identified the +7 fire dragon scales "Ysoylutz" {Harm rElec
                  | rPois rF++ rC-}
 34597 | Vaults:3 | Received a gift from Okawaru
 34817 | Vaults:3 | Reached skill level 15 in Shields
 34930 | Vaults:3 | Received a gift from Okawaru
 34945 | Vaults:3 | Identified the +10 shortbow of Urgency {flame, Str+4 SInv}
 35182 | Vaults:3 | Paralysed by a formless jellyfish for 1 turns
 35341 | Vaults:3 | Reached skill level 1 in Necromancy
 35386 | Vaults:3 | You are sucked into a shaft and drop 1 floor!
 35440 | Vaults:5 | Entered Level 5 of the Vaults
 35440 | Vaults:5 | Noticed a dread lich
 35553 | Vaults:3 | Reached XP level 20. HP: 161/168 MP: 27/27
 35809 | Vaults:4 | Received a gift from Okawaru
 35835 | Vaults:4 | Reached skill level 5 in Necromancy
 36136 | Vaults:4 | Received a gift from Okawaru
 36390 | Vaults:3 | Learned a level 3 spell: Fugue of the Fallen
 36417 | Vaults:4 | Reached skill level 1 in Spellcasting
 36467 | Vaults:4 | Found Fexzaoqe's Jewellery Shop.
 36592 | Vaults:4 | Identified the ring of Nutteuluhu {Str+6 Int+5 Slay-6
                  | Stlth+}
 37394 | Spider:4 | Identified the scarf of an ice cave {+Inv, rElec}
 37406 | Spider:4 | Got a gossamer rune of Zot
 37886 | D:15     | Entered Level 15 of the Dungeon
 37886 | D:15     | Noticed Umuuc's ghost (journeyman DsGl)
 37886 | D:15     | Found a runed translucent gate.
 37886 | D:15     | Found a runed translucent gate.
 37886 | D:15     | Found an ancient bone altar of Kikubaaqudgha.
 37886 | D:15     | Found a runed translucent gate.
 37889 | D:15     | Received a gift from Okawaru
 37889 | D:15     | Noticed Hiweh's ghost (journeyman DgCj)
 38059 | D:15     | Found a transporter.
 38062 | D:15     | Found a white marble altar of Elyvilon.
 38062 | D:15     | Found a transporter.
 38392 | D:15     | Found a staircase to the Depths.
 38899 | Elf:1    | Entered Level 1 of the Elven Halls
 39097 | Elf:1    | Noticed Norris
 39113 | Elf:1    | Killed Norris
 39113 | Elf:1    | Received a gift from Okawaru
 39932 | Elf:1    | Reached XP level 21. HP: 64/174 MP: 26/28
 40139 | Elf:2    | Found a runed translucent gate.
 40139 | Elf:2    | Found a runed translucent gate.
 40139 | Elf:2    | Found a runed translucent gate.
 40245 | Elf:2    | Found a transporter.
 40294 | Elf:2    | Found a transporter.
 40306 | Elf:2    | Found a transporter.
 40405 | Elf:2    | Found a transporter.
 40409 | Elf:2    | Found a transporter.
 40410 | Elf:2    | Found a transporter.
 40577 | Elf:2    | Identified the +10 quarterstaff of Ycyhig {venom, Dex+2}
 40597 | Elf:2    | Received a gift from Okawaru
 40761 | Elf:2    | Found a crumbling gateway.
 40912 | Elf:3    | Entered Level 3 of the Elven Halls
 41201 | Elf:3    | Received a gift from Okawaru
 41339 | Elf:3    | Noticed Nikola
 41342 | Elf:3    | Found Cuil's Magic Scroll Emporium.
 41353 | Elf:3    | Killed Nikola
 41480 | Elf:3    | Paralysed by an air elemental for 1 turns
 41562 | Elf:3    | Bought a scroll of teleportation for 51 gold pieces
 42264 | Elf:3    | Received a gift from Okawaru
 42302 | Elf:3    | Identified the +8 dire flail "Etsiluk" {elec, rPois rC-
                  | Int-4 SInv}
 42347 | Elf:3    | Identified the +3 battleaxe "Tormentor" {flame, Dex+5}
 42347 | Elf:3    | Identified the ring of Ulaull {Wiz Int+4 Dex+6}
 42511 | Elf:3    | Identified the +8 flail of Dust {speed, rElec rF+}
 42829 | Elf:3    | Identified the +0 quarterstaff of Ufudoemp {flame, rElec
                  | rF++ Dex+3}
 43115 | Elf:3    | Learned a level 4 spell: Vhi's Electric Charge
 43977 | Elf:3    | Learned a level 3 spell: Passwall
 43982 | Elf:3    | Got Sif Muna's Omnibus of the Turbulent Tundra
 44039 | Elf:3    | Identified the +8 sling of Uqicrad {flame, rElec rC+ Dex+4}
 44506 | Elf:2    | Received a gift from Okawaru
 44513 | Elf:2    | Reached XP level 22. HP: 179/188 MP: 29/29
 45645 | Vaults:4 | Reached skill level 1 in Translocations
 45816 | Vaults:5 | Received a gift from Okawaru
 46016 | Vaults:5 | Reached skill level 15 in Throwing
 46018 | Vaults:5 | Reached skill level 1 in Stealth
 46029 | Vaults:5 | Received a gift from Okawaru
 46035 | Vaults:5 | Reached skill level 15 in Fighting
 46084 | Vaults:5 | Received a gift from Okawaru
 46085 | Vaults:5 | Reached skill level 5 in Stealth
 46092 | Vaults:5 | Killed a dread lich
 46167 | Vaults:5 | Noticed a golden dragon
 46176 | Vaults:5 | Killed a golden dragon
 46183 | Vaults:5 | Noticed a dread lich
 46196 | Vaults:5 | Killed a dread lich
 46196 | Vaults:5 | Received a gift from Okawaru
 46211 | Vaults:5 | Reached XP level 23. HP: 166/201 MP: 30/30
 46224 | Vaults:5 | Identified the +5 leather armour of the Griffon {Harm
                  | Rampage rElec}
 46256 | Vaults:5 | Received a gift from Okawaru
 46774 | Vaults:5 | Found Veru Pije's Jewellery Shoppe.
 46782 | Vaults:5 | Found Liemm's Magic Scroll Shop.
 46786 | Vaults:5 | Bought a scroll of fear for 84 gold pieces
 46786 | Vaults:5 | Bought a scroll of blinking for 157 gold pieces
 46786 | Vaults:5 | Bought a scroll of teleportation for 63 gold pieces
 46815 | Vaults:5 | Found Toer's Magic Scroll Shoppe.
 46816 | Vaults:5 | Found Ruyklunk's Distillery.
 46830 | Vaults:5 | Bought a potion of curing for 60 gold pieces
 46830 | Vaults:5 | Bought a potion of might for 80 gold pieces
 46830 | Vaults:5 | Bought a potion of cancellation for 160 gold pieces
 46830 | Vaults:5 | Bought a potion of curing for 60 gold pieces
 46830 | Vaults:5 | Bought a potion of enlightenment for 100 gold pieces
 46834 | Vaults:5 | Got a silver rune of Zot
 46841 | Vaults:5 | Bought a scroll of teleportation for 48 gold pieces
 46841 | Vaults:5 | Bought a scroll of teleportation for 48 gold pieces
 47491 | Spider:4 | Killed Krumphau's ghost
 47637 | Slime:1  | Entered Level 1 of the Pits of Slime
 47840 | Orc:2    | Bought a ring of resist corrosion for 220 gold pieces
 48112 | Slime:2  | Received a gift from Okawaru
 48318 | Slime:2  | Gained mutation: Potions are less effective at restoring
                  | your health. [a shining eye]
 48735 | Slime:3  | You are sucked into a shaft and drop 1 floor!
 48742 | Slime:4  | Gained mutation: Your magical capacity is low. (-10% MP) [a
                  | shining eye]
 48874 | Slime:5  | Entered Level 5 of the Pits of Slime
 49243 | Slime:5  | Received a gift from Okawaru
 49513 | Slime:5  | Reached skill level 10 in Necromancy
 49546 | Slime:4  | Gained mutation: Your body sometimes deteriorates upon
                  | taking damage. [a shining eye]
 50250 | Slime:5  | Gained mutation: You are dopey. (Int -2) [a shining eye]
 50403 | Slime:5  | Noticed the Royal Jelly
 50416 | Slime:5  | Killed the Royal Jelly
 50416 | Slime:5  | Received a gift from Okawaru
 50531 | Slime:5  | Identified the +1 robe of Ihumu Porph {rPois SInv Stlth+}
 50549 | Slime:5  | Identified the +0 scale mail of the Tundras {rPois rN+}
 50557 | Slime:5  | Got the Incunabulum of the Salamander
 50563 | Slime:5  | Learned a level 4 spell: Manifold Assault
 50563 | Slime:5  | Identified the +9 great sword "Hutratuk" {heavy, ^Drain
                  | rElec rPois Int+3}
 50564 | Slime:5  | Identified the staff of Qyujir {^Fragile rC+ Will+ Str+2
                  | Dex+2 Ice}
 50578 | Slime:5  | Identified the ring "Rygudual" {rF+ rC- rN+ Dex+2 Slay+3}
 50609 | Slime:5  | Got a slimy rune of Zot
 50611 | Slime:5  | Identified the +0 scale mail "Jiykegus" {MP+9 Str+2}
 50627 | Slime:5  | Identified the +5 flail "Quoq" {holy, rN+ Str+2 Int-2 SInv}
 51077 | D:10     | Noticed Maggie
 51083 | D:10     | Killed Maggie
 51189 | Depths:1 | Entered Level 1 of the Depths
 51194 | Depths:1 | Noticed Sojobo
 51213 | D:15     | Paralysed by an air elemental for 1 turns
 51227 | D:15     | Killed Sojobo
 51662 | Depths:1 | You are sucked into a shaft and drop 1 floor!
 51762 | Depths:2 | Reached skill level 5 in Dodging
 51762 | Depths:2 | Reached XP level 24. HP: 188/216 MP: 27/27
 51810 | Depths:2 | Received a gift from Okawaru
 51982 | Depths:2 | Identified the +9 sling of Floods {heavy, Dex+5}
 51996 | Depths:2 | Identified the +9 trident "Julec" {holy, Str+6}
 52108 | Depths:2 | Found a gateway to Hell.
 52245 | Depths:1 | Noticed the Enchantress
 52255 | Depths:1 | Killed the Enchantress
 52411 | Depths:1 | Identified the ring of the Messenger {rF+ rC+ rN+ Dex+4}
 52765 | Depths:1 | Found a one-way gate leading to the halls of Pandemonium.
 52846 | Depths:1 | Found a runed translucent door.
 52896 | Depths:1 | Received a gift from Okawaru
 53433 | Depths:2 | Reached skill level 10 in Dodging
 53597 | Depths:2 | Found Piap's Jewellery Shop.
 53629 | Depths:2 | Found a one-way gateway to a ziggurat.
 54074 | Depths:3 | Received a gift from Okawaru
 54349 | Depths:3 | Identified the +9 demon whip of Trauma {flame, rElec Will+
                  | MP-9}
 54627 | Depths:4 | Entered Level 4 of the Depths
 54655 | Depths:4 | Received a gift from Okawaru
 54801 | Depths:4 | Noticed a juggernaut
 54816 | Depths:4 | Killed a juggernaut
 54917 | Depths:4 | Found a gate to the Realm of Zot.
 54935 | Depths:4 | Reached XP level 25. HP: 195/224 MP: 26/27
 54938 | Depths:4 | Received a gift from Okawaru
 56456 | Depths:3 | Identified the +9 plate armour of the Immovable Suns {-Tele
                  | rC- Str+6 SInv}
 56631 | Depths:3 | Found a one-way gate to the infinite horrors of the Abyss.
 57802 | Zot:1    | Entered Level 1 of the Realm of Zot
 57909 | Depths:4 | Received a gift from Okawaru
 57987 | Depths:4 | Gained mutation: You occasionally shout uncontrollably at
                  | your foes. [mutagenic glow]
 58217 | Zot:1    | Noticed Parghit
 58502 | Depths:4 | Killed Parghit
 58582 | Zot:1    | Reached skill level 5 in Evocations
 58689 | Zot:1    | Got the Disquisition on Air and the Wendigo
 58771 | Zot:1    | Reached skill level 10 in Stealth
 58808 | Zot:1    | Received a gift from Okawaru
 59039 | Zot:1    | Noticed an orb of fire
 59041 | Zot:1    | Gained mutation: You frequently scream uncontrollably at
                  | your foes. [an orb of fire]
 59057 | Zot:1    | Gained mutation: You expend magic power (3 MP) to
                  | strengthen your wands. [an orb of fire]
 59063 | Zot:1    | Killed an orb of fire
 59365 | Arena    | Entered the Arena
 61111 | Zot:1    | Received a gift from Okawaru
 61364 | Zot:2    | Reached XP level 26. HP: 208/233 MP: 27/27
 62482 | Zot:3    | Received a gift from Okawaru
 64612 | Zot:4    | Received a gift from Okawaru
 64993 | Zot:5    | Entered Level 5 of the Realm of Zot
 65377 | Vaults:1 | Found a runed translucent gate.
 65377 | Vaults:1 | Found a runed translucent gate.
 65380 | Vaults:1 | Found a runed translucent gate.
 65383 | Vaults:1 | Noticed gimp's ghost (adept CoBe)
 65401 | Vaults:1 | Gained mutation: You are weak. (Str -2) [a cacodemon]
 65415 | Vaults:1 | Killed gimp's ghost
 65431 | Vaults:1 | Identified the +0 pair of gloves of Hairy Surprise {rPois
                  | rF+ Str+3 Int-3}
 65618 | Vaults:1 | Lost mutation: You are weak. (Str -2) [potion of mutation]
 65618 | Vaults:1 | Lost mutation: Your body sometimes deteriorates upon taking
                  | damage. [potion of mutation]
 65618 | Vaults:1 | Lost mutation: You frequently scream uncontrollably at your
                  | foes. [potion of mutation]
 65618 | Vaults:1 | Gained mutation: You are partially covered in large bone
                  | plates. (SH +4) [potion of mutation]
 65619 | Vaults:1 | Lost mutation: You expend magic power (3 MP) to strengthen
                  | your wands. [potion of mutation]
 65619 | Vaults:1 | Lost mutation: Your magical capacity is low. (-10% MP)
                  | [potion of mutation]
 65619 | Vaults:1 | Lost mutation: You are partially covered in large bone
                  | plates. (SH +4) [potion of mutation]
 65619 | Vaults:1 | Gained mutation: You are agile. (Dex +4, Str/Int -1)
                  | [potion of mutation]
 65619 | Vaults:1 | Gained mutation: You are vulnerable to heat. (rF-) [potion
                  | of mutation]
 65619 | Vaults:1 | Gained mutation: Your body sometimes deteriorates upon
                  | taking damage. [potion of mutation]
 65620 | Vaults:1 | Lost mutation: You are dopey. (Int -2) [potion of mutation]
 65620 | Vaults:1 | Lost mutation: You are agile. (Dex +4, Str/Int -1) [potion
                  | of mutation]
 65620 | Vaults:1 | Lost mutation: You occasionally shout uncontrollably at
                  | your foes. [potion of mutation]
 65620 | Vaults:1 | Gained mutation: You have very sharp teeth. [potion of
                  | mutation]
 65620 | Vaults:1 | Gained mutation: You have a pair of small antennae on your
                  | head. [potion of mutation]
 65620 | Vaults:1 | Gained mutation: Your muscles are strong. (Str +4, Int/Dex
                  | -1) [potion of mutation]
 65621 | Vaults:1 | Lost mutation: Potions are less effective at restoring your
                  | health. [potion of mutation]
 65621 | Vaults:1 | Lost mutation: You are vulnerable to heat. (rF-) [potion of
                  | mutation]
 65621 | Vaults:1 | Lost mutation: Your body sometimes deteriorates upon taking
                  | damage. [potion of mutation]
 65621 | Vaults:1 | Gained mutation: You possess an exceptional clarity of
                  | mind. [potion of mutation]
 65621 | Vaults:1 | Gained mutation: You are somewhat resistant to further
                  | mutation. [potion of mutation]
 65729 | D:15     | Killed Hiweh's ghost
 65739 | D:15     | Killed Umuuc's ghost
 65780 | D:15     | Identified the ring "Erufie" {Will+ Int+2}
 65784 | D:15     | Identified the +0 hat of the Demon Prince {Str+2 Int+4}
 65788 | D:15     | Got Kikubaaqudgha's Tome of Zombies
 66405 | Zot:5    | Received a gift from Okawaru
 67428 | Zot:5    | Noticed an orb of fire
 67434 | Zot:5    | Killed an orb of fire
 67465 | Zot:5    | Noticed an ancient lich
 67477 | Zot:5    | Killed an ancient lich
 67492 | Zot:5    | Reached XP level 27. HP: 236/254 MP: 27/30
 67515 | Zot:5    | Received a gift from Okawaru
 67612 | Zot:5    | Noticed an orb of fire
 67623 | Zot:5    | Killed an orb of fire
 67782 | Zot:5    | Noticed a dread lich
 67795 | Zot:5    | Paralysed by a dread lich for 5 turns
 67800 | Zot:5    | HP: 11/247 [green death/poison arrow[a dread lich] (18)]
 67801 | Zot:5    | HP: 1/247 [dread lich (10)]
 68312 | Zot:5    | Killed a dread lich
 68510 | Zot:5    | Got the Orb of Zot
 68621 | Zot:3    | Received a gift from Okawaru
 68990 | D:6      | Noticed Ewibutaz the pandemonium lord
 69087 | D:$      | Escaped with the Orb!

Illustrated notes

Levels and vault maps discovered:
D:1:      amcnicky_arrival_choice, layout_loops_corners
D:2:      layout_basic, serial_shops, nicolae_shop_peninsula,
          shapermc_ecumenical_altar_notcrosses
D:3:      layout_rooms, grunt_temple_overflow_magic_moments
D:4:      layout_loops_ring, grunt_qazlal_clouds, lemuel_round_altar,
          minmay_liquid_box, reono_crystal_passage
D:5:      layout_rooms, eino_tiny_chamber, kennysheep_nub
D:6:      layout_loops_ring, gammafunk_temple_overflow_claw,
          nicolae_custom_books, kennysheep_big_empty_room, uniq_duvessa
D:7:      layout_basic, mainiacjoe_overflow_boulevard, temple_statues,
          uniq_crazy_yiuf_cottage, uniq_menkaure, uniq_maurice
D:8:      layout_loops_ring, general_overflow_altar, serial_shops, shop,
          enter_bailey_3, uniq_prince_ribbit1, uniq_grum
D:9:      layout_basic, dpeg_oklobed_lair, orc_david_3, serial_shops,
          nicolae_shop_tiny_statue_garden
D:10:     layout_irregular_city, uniq_maggie
D:11:     layout_cave_pods, grunt_ministairs_1,
          nicolae_transporter_intersection, uniq_sonja, uniq_nergalle,
          uniq_lodul
D:12:     layout_roguey, uniq_josephine, uniq_rupert
D:13:     layout_basic, nicolae_trove_entry_isolated, serial_shops, shop,
          hellmonk_guarded_unrand_salamander, uniq_erolcha, uniq_nessos
D:14:     layout_roguey, hangedman_vaults_entry_quadrant_bands,
          minmay_misc_feat_rugged
D:15:     grunt_enter_depths_snipers, layout_long_grid, elyvilon_altar_4,
          gammafunk_ghost_crypt, nicolae_titane
Temple:   nicolae_temple_slightly_damp_pantheon
Lair:1:   layout_long_grid, beast_lair_carwin_8
Lair:2:   minmay_guarded_unrand_snakebite, layout_gridlike,
          minmay_swamp_entry_swarm
Lair:3:   layout_big_grid, spider_nest_entry_funnel_web,
          dreamdust_mushroom_princess
Lair:4:   layout_regular_city, serial_bayou_lagoon_b
Lair:5:   guppyfry_lair_end_dragon, layout_hall_layers, wormcave, slime_entry_1
Swamp:1:  nicolae_swamp_secret_spriggan_hideout, layout_falls_marsh,
          evilmike_swamp_ruin_house_3, swamp_pool_1_2, uniq_frances, uniq_donald
Swamp:2:  layout_falls_marsh, evilmike_swamp_ruin_house_4, swamp_pool_1_2,
          roderic_carrion_pond, infiniplex_staircase_pool,
          nicolae_swamp_long_stream
Swamp:3:  layout_basic_swamp, evilmike_swamp_ruin_rubble_1, swamp_pool_3,
          nicolae_swamp_vermiculated
Swamp:4:  swamp_basic_johnstein, layout_basic_swamp
Spider:1: layout_spider_delve, uniq_louise
Spider:2: spiders_nest_scorpion_pit, uniq_arachne, uniq_roxanne, uniq_aizul,
          uniq_mlioglotl
Spider:3: layout_spider_delve, nicolae_spider_orb_run, uniq_asterion
Spider:4: spider_rune_water, ebering_ghost_xom
Slime:1:  layout_caves
Slime:2:  layout_caves
Slime:3:  nicolae_slime_pool, layout_caves
Slime:4:  layout_caves
Slime:5:  slime_pit_nicolae_royal_road_to_ruin
Orc:1:    layout_caves, serial_shops
Orc:2:    hellmonk_orc_salted, layout_diamond_mine, portal_ice_cave_rime
Elf:1:    eino_elf_arrival_sip, layout_onion_city, guppyfry_elf_altar,
          uniq_norris
Elf:2:    nicolae_elf_blades_splatter_lattice
          [nicolae_blade_entry_sentries_behind_glass], layout_loops_cross,
          portal_desolation_entry_twin_temple, special_room
          [special_room_mythical_zoo], serial_nicolae_subway,
          nicolae_sub_station_stone, nicolae_sub_station_metal,
          nicolae_sub_station_crystal
Elf:3:    minmay_elf_hall_not_hex, layout_rooms, serial_shops,
          nicolae_shop_stone, special_room [special_room_orc],
          grunt_ministairs_3, st_stairs_13, minivault_11, uniq_nikola
Vaults:1: ploomutoo_gammafunk_ghost_potion_laboratory,
          nicolae_vaults_shipping_containers_7, nicolae_vaults_gold_heap,
          grunt_vaults_bifocal, nicolae_vaults_more_shelving_1, v_alt_pattern_3,
          ontoclasm_vaults_ligature, v_misc_28, vaults_dpeg_encased_lava,
          vaults_room_corners, nicolae_vaults_surprise_closet,
          nicolae_vaults_closet_pinwheel_3, hangedman_vaults_trim,
          nicolae_vaults_asterisk, ontoclasm_vaults_decontamination,
          layout_vaults_chaotic_city, serial_shops, nicolae_shop_mannequins
Vaults:2: mu_enter_wizlab_4, minmay_crypt_entry_nasty_monster, v_misc_12,
          hangedman_vaults_corner_blocks, ontoclasm_vaults_pinch,
          nicolae_vaults_tetromino_Z_1, nicolae_vaults_storage_closets_2,
          nicolae_vaults_little_squares_1, layout_vaults_big_cross, uniq_margery
Vaults:3: dpeg_vaults_monster_box, vaults_standard_mumra_lines,
          hangedman_vaults_nails, v_alt_pattern_6, nicolae_vaults_stepped_doors,
          vaults_mumra_hex, ontoclasm_vaults_fault,
          nicolae_vaults_trapezoid_lopsided_4, vaults_room_semicircle,
          v_misc_19, nicolae_vaults_variable_pillar_hall, layout_vaults_ring
Vaults:4: v_pattern_3, nicolae_vaults_lightning_bolt, vaults_room_corners,
          v_misc_13, nicolae_vaults_trapezoid_lopsided_3, lightli_orcish_oven,
          nicolae_vaults_weapon_check, vaults_room_corners, v_rooms_3,
          nicolae_vaults_enemy_cabinets, ontoclasm_vaults_misaligned,
          nicolae_vaults_prndl, ontoclasm_vaults_twist,
          ontoclasm_vaults_ring_large, nicolae_vaults_house_1,
          layout_vaults_omnibox, serial_shops, shop
Vaults:5
Depths:1: layout_gridville, hangedman_coc_ice_floe, rand_demon_pan_entry_9,
          eino_small_chamber_without_monster, minmay_hidden_floor,
          serial_bayou_shore_b, uniq_enchantress, uniq_sojobo
Depths:2: minmay_the_grid_octo_2x2 [minmay_the_grid_octo_concentric,
          minmay_the_grid_octo_toaster, minmay_the_grid_octo_thin_diamonds,
          minmay_the_grid_octo_prize_square_snowflake], layout_basic,
          enter_ziggurat_b, abandoned_shop, serial_shops, shop, hell_entry,
          pan_entry, infiniplex_staircase_zigzag_3
Depths:3: minmay_tri_box, layout_cave_pools, chequers_serial_rivers_micro_e,
          hellmouth_2, abyss_entry
Depths:4: grunt_x_marks_the_spot, layout_long_grid, grunt_hell_entry_dis_mu,
          uniq_grunn
Zot:1:    layout_gridlike, nzn_random_ring, uniq_parghit
Zot:2:    layout_basic, grunt_ministairs_2
Zot:3:    layout_gridlike, regret_index_zotdec_fiery_em,
          st_single_dragon_hoard_1, grunt_megastairs_4
Zot:4:    layout_gridville
Zot:5:    layout_cellular_growth, grunt_ministairs_9

Skill      XL: |  1  2  3  4  5  6  7  8  9 10 11 12 13 14 15 16 17 18 19 20 21 22 23 24 25 26 27 |
---------------+----------------------------------------------------------------------------------+-----
Unarmed Combat | 3 4 |  4.2
Axes           | 1 2 4 5 7 9 11 12 13 15 17 | 17.3
Fighting       | 3 4 5 7 9 11 12 13 15 17 18 22 | 22.0
Armour         | 3 8 10 11 12 14 15 17 20 21 22 | 22.0
Maces & Flails | 2 7 8 |  8.5
Throwing       | 6 7 9 12 14 15 16 17 19 | 19.2
Invocations    | 6 8 10 | 10.0
Shields        | 5 7 12 16 | 16.0
Evocations     | 4 8 |  8.0
Dodging        | 4 5 13 14 | 14.5
Necromancy     | 3 9 10 11 | 11.0
Spellcasting   | 2 |  2.0
Translocations | 1 |  1.9
Stealth        | 7 9 12 | 12.0
Shapeshifting  | |  2.6

Action                     |  1- 3 |  4- 6 |  7- 9 | 10-12 | 13-15 | 16-18 | 19-21 | 22-24 | 25-27 || total
---------------------------+-------+-------+-------+-------+-------+-------+-------+-------+-------++-------
  Melee: Unarmed           |    71 |     2 |       |       |       |       |       |       |       ||    73
         Tailslap          |     8 |     6 |    22 |    54 |   239 |   237 |   236 |   289 |   272 ||  1363
         Punch             |     2 |       |       |       |       |       |       |       |       ||     2
         Hand axe          |    10 |    76 |   194 |   205 |    14 |    59 |       |       |       ||   558
         Flail             |       |       |    18 |   180 |    59 |       |       |       |       ||   257
         Battleaxe         |       |       |       |    17 |       |       |       |       |       ||    17
         Whip              |       |       |       |       |   351 |       |       |       |       ||   351
         Broad axe         |       |       |       |       |   728 |  1228 |  1173 |  1172 |  1041 ||  5342
         Demon whip        |       |       |       |       |       |       |       |     1 |    54 ||    55
         Bite              |       |       |       |       |       |       |       |       |    42 ||    42
  Throw: Dart              |       |    10 |    20 |    20 |    22 |    36 |     1 |     1 |     6 ||   116
         Javelin           |       |       |       |       |     6 |    15 |     4 |    38 |    45 ||   108
         Throwing net      |       |       |       |       |     1 |       |       |       |       ||     1
         Boomerang         |       |       |       |       |    14 |    50 |    83 |   254 |   329 ||   730
   Cast: Fugue of the Fall |       |       |       |       |       |       |    17 |    54 |    47 ||   118
 Invoke: Heroism           |       |       |       |     1 |     3 |     5 |     5 |     7 |     7 ||    28
         Receive Weapon    |       |       |       |       |     1 |       |       |       |       ||     1
         Receive Armour    |       |       |       |       |     1 |       |       |       |       ||     1
         Finesse           |       |       |       |       |       |       |     2 |     4 |     3 ||     9
         Duel              |       |       |       |       |       |       |     1 |       |     1 ||     2
  Evoke: Wand              |       |       |     1 |       |     1 |       |     7 |       |     5 ||    14
         Lightning rod     |       |       |       |       |    11 |     9 |     6 |     6 |     4 ||    36
         Phial of floods   |       |       |       |       |       |     2 |     1 |     1 |     1 ||     5
         Condenser vane    |       |       |       |       |       |       |       |     2 |     2 ||     4
    Use: Potion            |       |     1 |     4 |     4 |     2 |     5 |    15 |     8 |    20 ||    59
         Scroll            |       |       |     5 |    15 |    21 |     5 |     6 |     6 |    15 ||    73
   Stab: Sleeping          |     2 |       |       |       |       |       |       |     2 |       ||     4
         Distracted        |       |       |       |       |     1 |       |       |     1 |       ||     2
         Confused          |       |       |       |       |       |       |       |     1 |       ||     1
 Armour: Animal skin       |    40 |    14 |       |       |       |       |       |       |       ||    54
         Ring mail         |       |    46 |   162 |   392 |    67 |       |       |       |       ||   667
         Skin              |       |     1 |       |       |       |       |       |       |       ||     1
         Crystal plate arm |       |       |       |       |   433 |       |       |       |       ||   433
         Gold dragon scale |       |       |       |       |   635 |  1821 |   327 |   444 |   442 ||  3669
         Scale mail        |       |       |       |       |    47 |       |       |       |       ||    47
         Fire dragon scale |       |       |       |       |       |       |   799 |   541 |   771 ||  2111
  Dodge: Dodged            |    21 |    29 |    35 |   124 |    99 |   147 |   215 |   169 |   320 ||  1159
  Block: Buckler           |       |       |       |       |    69 |   354 |   204 |       |       ||   627
         Reflection        |       |       |       |       |     3 |    14 |    23 |       |       ||    40
         Kite shield       |       |       |       |       |       |       |   390 |   757 |   824 ||  1971
         Form:             |     1 |       |       |       |       |       |       |       |       ||     1

Table legend: (Time is in decaauts)
 A = Elapsed time spent in this place.
 B = Non-inter-level travel time spent in this place.
 C = Inter-level travel time spent in this place.
 D = Time resting spent in this place.
 E = Time spent auto-exploring this place.
 F = Levels seen in this place.
 G = Mean time per level.
                   A        B        C        D        E       F      G
               +--------+--------+--------+--------+--------+-----+--------+
         Total |  67220 |  58358 |   8862 |  13699 |  30837 |  58 | 1159.0 |
       Dungeon |  14563 |  11758 |   2805 |   1123 |   8139 |  15 |  970.9 |
        Temple |     38 |      1 |     37 |      0 |      0 |   1 |   38.0 |
          Lair |   5774 |   4610 |   1164 |    647 |   3158 |   5 | 1154.8 |
         Swamp |   3290 |   3124 |    166 |    402 |   1984 |   4 |  822.5 |
   Spider Nest |   6715 |   5947 |    768 |   1360 |   3356 |   4 | 1678.8 |
    Slime Pits |   2832 |   2586 |    246 |    469 |   1431 |   5 |  566.4 |
  Orcish Mines |   1776 |   1528 |    248 |     90 |    959 |   2 |  888.0 |
   Elven Halls |   6040 |   5598 |    442 |   2085 |   2284 |   3 | 2013.3 |
        Vaults |   8191 |   6681 |   1510 |    813 |   3974 |   5 | 1638.2 |
        Depths |   6234 |   5405 |    829 |   1336 |   2576 |   4 | 1558.5 |
           Zot |   8769 |   8127 |    642 |   3598 |   2796 |   5 | 1753.8 |
        Bailey |    487 |    487 |      0 |    161 |     12 |   1 |  487.0 |
      Ice Cave |    357 |    357 |      0 |    166 |     31 |   1 |  357.0 |
        Wizlab |   2106 |   2106 |      0 |   1439 |    136 |   1 | 2106.0 |
         Arena |     42 |     42 |      0 |      4 |      0 |   2 |   21.0 |
               +--------+--------+--------+--------+--------+-----+--------+

Top non-repeatable levels by time:
   Elf:3: 3011 daAuts
   Zot:5: 2494 daAuts
Vaults:1: 2346 daAuts
   Zot:1: 2313 daAuts
  WizLab: 2106 daAuts
Depths:4: 2101 daAuts
     D:9: 1884 daAuts
Spider:3: 1806 daAuts
Spider:4: 1749 daAuts
   Elf:2: 1744 daAuts
Depths:1: 1725 daAuts
Vaults:2: 1706 daAuts
Spider:2: 1674 daAuts
   Zot:3: 1587 daAuts
    D:15: 1563 daAuts
